 Dungeon Crawl Stone Soup version 0.31-a0-214-gb37851dbb3 (webtiles) character file.

Game seed: 10879390839763266201

371 qw the Chopper (level 6, 0/39 HPs)
             Began as a Gargoyle Fighter on July 1, 2023.
             Slain by Ijyb
             ... wielding a +3 dagger of venom
              (3 damage)
             ... on level 4 of the Dungeon.
             The game lasted 00:01:41 (2787 turns).

qw the Chopper (Gargoyle Fighter)                   Turns: 2787, Time: 00:01:41

Health: 0/39       AC: 21    Str: 19    XL:     6   Next: 71%
Magic:  6/6        EV:  9    Int:  9    God:
Gold:   118        SH:  4    Dex:  9    Spells: 5/5 levels left

rFire   . . .        Y - +2 war axe
rCold   + . .        c - +0 buckler
rNeg    + . .        l - +5 scale mail of Fyptiw {rC+ Regen+ rCorr Str-2}
rPois   inf          i - +0 helmet
rElec   +            (no cloak)
rCorr   +            (no gloves)
SInv    .            (no boots)
Will    +....        (no amulet) Stlth
                     m - ring of willpower
HPRegen 1.06/turn    o - +4 ring of protection
MPRegen 0.10/turn

%: no passive effects
@: no status effects
A: sickness immunity, AC +4, negative energy resistance 1, electricity
resistance, torment resistance 1, petrification resistance
a: no special abilities


You were on level 4 of the Dungeon.
You visited 1 branch of the dungeon, and saw 4 of its levels.
You also visited: Sewer.

You collected 118 gold pieces.


Innate Abilities, Weirdness & Mutations

You are immune to sickness and miasma.
Your stone body is resilient. (AC +4)
You are immune to poison.
You resist negative energy. (rN+)
You are resistant to electric shocks. (rElec)
You are resistant to unholy torment.
You are immune to petrification.


   Skills:
 - Level 4.4 Fighting
 + Level 5.6 Axes
 - Level 3.2 Armour
 - Level 1.0 Dodging
 - Level 3.2 Shields


You had 5 spell levels left.
You didn't know any spells.
Your spell library was empty.

Inventory:

Hand Weapons
 h - a +0 whip
 Y - a +2 war axe (weapon)
Armour
 b - a +0 plate armour
 c - a +0 buckler (worn)
 i - a +0 helmet (worn)
 l - the +5 scale mail of Fyptiw (worn) {rC+ Regen+ rCorr Str-2}
   (You found it on level 2 of the Dungeon)

   Str:       It affects your strength (-2).
   rC:        It protects you from cold.
   Regen:     It increases your rate of health regeneration.
   rCorr:     It protects you from acid and corrosion.
Jewellery
 m - a ring of willpower (left hand)
 o - a +4 ring of protection (right hand)
Scrolls
 j - a scroll of identify
Potions
 a - a potion of degeneration {unknown}
 d - 2 potions of might
 e - a potion of heal wounds {unknown}
 f - a potion of curing {unknown}
 g - a potion of attraction {unknown}

Dungeon Overview and Level Annotations

Branches:
Dungeon (4/15)              Sewer (visited)
 Temple: D:4-7

Altars:
Elyvilon
Zin
The Shining One

Annotations:
D:2 1 runed translucent door, Crazy Yiuf
D:4 Ijyb


Message History

You start waiting.
Your surroundings suddenly seem different.
Done exploring.
2749 ||| DROPPING scroll of revelation.
You drop a scroll of revelation.
Done exploring.
(D) Dungeon
Where to? (* - list waypoints, Enter - D:3 @ (x,y), ? - help)
What level of the Dungeon? (default 1, ? - help)
There is a stone staircase leading down here.
You climb downwards.
Ijyb shouts!
The gnoll shouts! x4; You hear a shout!
Found 18 gold pieces, a rapier, 4 stones and a green potion.
Found a stone staircase leading down and a stone staircase leading up.
There is a stone staircase leading up here.
There are monsters nearby!
Waypoint 4 assigned to D:4.
The gnoll barely misses you. The gnoll misses you.
You hit the gnoll.
The gnoll is heavily wounded.
The gnoll hits you but does no damage. You block the gnoll's attack.
Ijyb zaps a wand.
The bolt of light hits you!
You slash the gnoll!
You kill the gnoll!
You block the gnoll's attack.
A goblin comes into view. It is wielding a +0 dagger.
The gnoll hits you from afar with a +0 halberd!
You closely miss the gnoll. The gnoll closely misses you.
The gnoll throws a throwing net.
The throwing net hits you.
You become entangled in the net!
The gnoll hits you but does no damage.
You struggle against the net.
The gnoll hits you but does no damage. The gnoll barely misses you.
The gnoll hits you but does no damage.
You struggle against the net.
Ijyb zaps a wand.
The bolt of light hits you!! The gnoll hits you but does no damage.
The gnoll barely misses you.
You shred the net and break free! The gnoll hits you but does no damage.
Ijyb hits you with a +3 dagger of venom.
You die...

#.......# #.#
..<....# #..# .
......##...# ..#
#..........#
....#.....!....#
......)........#
......gg.......#
#.g.@<.....#
#.....)...$...#
##.#...g.>.(..#
#.g..........#
#.##.........#
.. #.##..##### .
.. #..# ... #..#


You could see Ijyb, 3 gnolls and a goblin.

Vanquished Creatures
  Pargi (Sewer)
  A centaur (D:3)
  Jessica (D:2)
  Robin (D:2)
  A gnoll (D:4)
  6 adders
  3 worms
  4 dart slugs
  6 ball pythons (D:1)
  6 bats
  3 endoplasms
  6 giant cockroaches
  18 goblins
  6 hobgoblins (D:2)
  8 kobolds
  4 quokkas
  7 frilled lizards
  3 rats (D:1)
85 creatures vanquished.

Notes
Turn   | Place    | Note
-------+----------+-------------------------------------------
     0 | D:1      | qw the Gargoyle Fighter began the quest for the Orb.
     0 | D:1      | Reached XP level 1. HP: 14/14 MP: 1/1
     0 | D:1      | 0 ||| qw: Version: 0.3-a-32-g5962c71
     0 | D:1      | 0 ||| qw: Game counter: 7537
     0 | D:1      | 0 ||| qw: Melee chars always use a shield: true
     0 | D:1      | 0 ||| qw: God list: Okawaru
     0 | D:1      | 0 ||| qw: Allow faded altars: false
     0 | D:1      | 0 ||| qw: Do Orc after clearing Dungeon:15 true
     0 | D:1      | 0 ||| qw: Do second Lair branch before Depths: true
     0 | D:1      | 0 ||| qw: Lair rune preference: random
     0 | D:1      | 0 ||| qw: Goals: Normal, Zot:1-4, Slime:5, God:TSO, Crypt,
                  | Tomb, Abyss, Pan, Hells, Win
     0 | D:1      | 0 ||| PLANNING D:1-11
    16 | D:1      | 16 ||| Stepping ~*~*~tactically~*~*~ (hiding).
    18 | D:1      | 18 ||| Stepping ~*~*~tactically~*~*~ (hiding).
    20 | D:1      | 20 ||| Stepping ~*~*~tactically~*~*~ (hiding).
    23 | D:1      | 23 ||| Stepping ~*~*~tactically~*~*~ (hiding).
    29 | D:1      | Reached skill level 2 in Axes
   173 | D:1      | Reached XP level 2. HP: 18/19 MP: 2/2
   186 | D:1      | 186 ||| Stepping ~*~*~tactically~*~*~ (stealth).
   187 | D:1      | 187 ||| READING scroll labelled ROMONY CONU.
   404 | D:1      | 404 ||| Stepping ~*~*~tactically~*~*~ (stealth).
   411 | D:1      | 411 ||| Stepping ~*~*~tactically~*~*~ (stealth).
   414 | D:1      | 414 ||| Stepping ~*~*~tactically~*~*~ (stealth).
   433 | D:1      | Reached skill level 3 in Axes
   458 | D:1      | 458 ||| Stepping ~*~*~tactically~*~*~ (stealth).
   471 | D:1      | Reached XP level 3. HP: 23/23 MP: 3/3
   825 | D:1      | 825 ||| READING scroll labelled NUGOW BOYJ.
   881 | D:2      | 881 ||| FLEEEEING.
   882 | D:2      | 882 ||| FLEEEEING.
   883 | D:2      | 883 ||| FLEEEEING.
   884 | D:2      | 884 ||| STAIRDANCE
   889 | D:1      | 889 ||| Stepping ~*~*~tactically~*~*~ (stealth).
   892 | D:1      | 892 ||| Stepping ~*~*~tactically~*~*~ (stealth).
   893 | D:1      | 893 ||| Stepping ~*~*~tactically~*~*~ (stealth).
  1035 | D:2      | Found a runed translucent door.
  1036 | D:2      | Noticed Crazy Yiuf
  1070 | D:2      | Noticed Robin
  1071 | D:2      | 1071 ||| Stepping ~*~*~tactically~*~*~ (hiding).
  1084 | D:2      | Killed Robin
  1085 | D:2      | Reached XP level 4. HP: 23/28 MP: 4/4
  1086 | D:2      | 1086 ||| FLEEEEING.
  1087 | D:2      | 1087 ||| FLEEEEING.
  1088 | D:2      | 1088 ||| FLEEEEING.
  1089 | D:2      | 1089 ||| FLEEEEING.
  1090 | D:2      | 1090 ||| FLEEEEING.
  1091 | D:2      | 1091 ||| FLEEEEING.
  1092 | D:2      | 1092 ||| FLEEEEING.
  1093 | D:2      | 1093 ||| FLEEEEING.
  1094 | D:2      | 1094 ||| FLEEEEING.
  1095 | D:2      | 1095 ||| FLEEEEING.
  1203 | D:2      | Reached skill level 4 in Axes
  1254 | D:2      | Noticed Jessica
  1261 | D:2      | Killed Jessica
  1363 | D:2      | Reached XP level 5. HP: 32/32 MP: 5/5
  1418 | D:2      | Identified the +5 scale mail of Fyptiw {rC+ Regen+ rCorr
                  | Str-2}
  1703 | D:2      | 1703 ||| UPGRADING to +0 helmet.
  1708 | D:2      | 1708 ||| UPGRADING to +5 scale mail of Fyptiw {rC+ Regen+
                  | rCorr Str-2}.
  1718 | D:2      | 1718 ||| DROPPING +0 scale mail.
  1719 | D:2      | 1719 ||| UPGRADING to ring of willpower.
  1720 | D:2      | 1720 ||| READING scroll labelled YBIRYASUONN.
  1721 | D:2      | 1721 ||| READING 2 scrolls labelled GUPTYBREGRU.
  1722 | D:2      | 1722 ||| DRINKING 2 murky clear potions.
  1723 | D:2      | 1723 ||| DROPPING scroll of vulnerability.
  1724 | D:2      | 1724 ||| DROPPING potion of invisibility.
  1771 | D:3      | 1771 ||| PLANNING SEWER
  1793 | D:3      | Found a glowing drain.
  1844 | Sewer    | Entered a sewer
  1852 | Sewer    | 1852 ||| READING scroll of enchant weapon.
  1852 | Sewer    | 1852 ||| ENCHANTING +1 war axe.
  1864 | Sewer    | Noticed Pargi
  1872 | Sewer    | Killed Pargi
  1873 | Sewer    | Reached skill level 5 in Axes
  1873 | Sewer    | Reached XP level 6. HP: 37/37 MP: 6/6
  1962 | Sewer    | 1962 ||| READING scroll labelled EDERIUZXOMEO.
  1978 | D:3      | 1978 ||| PLANNING D:1-11
  1993 | D:3      | 1993 ||| Stepping ~*~*~tactically~*~*~ (stealth).
  2209 | D:3      | Found a faded altar of an unknown god.
  2393 | D:3      | 2393 ||| Stepping ~*~*~tactically~*~*~ (hiding).
  2529 | D:3      | Reached skill level 1 in Dodging
  2547 | D:3      | Found a glowing silver altar of Zin.
  2547 | D:3      | Found a white marble altar of Elyvilon.
  2547 | D:3      | Found a glowing golden altar of the Shining One.
  2742 | D:3      | 2742 ||| UPGRADING to +4 ring of protection.
  2743 | D:3      | 2743 ||| READING 2 scrolls labelled BOFORA FABITWO.
  2744 | D:3      | 2744 ||| READING 2 scrolls labelled XEN JIVUCOADE.
  2745 | D:3      | 2745 ||| READING scroll labelled CEJUAF MEUSAA.
  2749 | D:3      | 2749 ||| DROPPING scroll of revelation.
  2780 | D:4      | Noticed Ijyb
  2786 | D:4      | HP: 2/39 [Ijyb/bolt of light (18)]
  2787 | D:4      | Slain by Ijyb

Levels and vault maps discovered:
D:1:      minmay_arrival_radiant_lines, layout_loops_ring, minmay_pentomino_r4
D:2:      layout_loops_ring, minmay_liquid_box, corner_web_ring, uniq_robin,
          uniq_jessica, uniq_crazy_yiuf_cottage
D:3:      layout_loops_ring, good_gods_mini_temple, gup_sewer_entry_glass,
          shapermc_ecumenical_altar_mp_vishouse
D:4:      layout_rooms, minmay_temple_entry_waves, serial_curves,
          eino_curves_03, eino_curves_01, eino_curves_04, eino_curves_02,
          goddamned_bats, uniq_ijyb, uniq_blork_the_orc

Skill      XL: |  1  2  3  4  5  6 |
---------------+-------------------+-----
Axes           | 2 3 4 5 |  5.6
Fighting       | 4 |  4.4
Dodging        | 1 |  1.0
Armour         | |  3.2
Shields        | |  3.2

Action                     |  1- 3 |  4- 6 || total
---------------------------+-------+-------++-------
  Melee: War axe           |   119 |   147 ||   266
    Use: Scroll            |     2 |     7 ||     9
         Potion            |       |     1 ||     1
 Armour: Scale mail        |    59 |   100 ||   159
  Dodge: Dodged            |    56 |    65 ||   121
  Block: Buckler           |    21 |    32 ||    53

Table legend:
 A = Non-vault XP
 B = Vault XP
 C = Vault XP percentage of total XP
 D = Non-vault monster count
 E = Vault monster count
 F = Vault count percentage of total count
                 A         B        C        D         E       F
            +---------+---------+-------+---------+---------+-------
      Total |     297 |     234 |  44.1 |      58 |      27 |  31.8
            +---------+---------+-------+---------+---------+-------
        D:1 |      42 |       5 |  10.6 |      22 |       4 |  15.4
        D:2 |      56 |      72 |  56.2 |      17 |      14 |  45.2
        D:3 |     184 |      19 |   9.4 |      18 |       4 |  18.2
        D:4 |      15 |       0 |   0.0 |       1 |       0 |   0.0
      Sewer |       0 |     138 | 100.0 |       0 |       5 | 100.0
            +---------+---------+-------+---------+---------+-------
